 Dungeon Crawl Stone Soup version 0.30-a0-965-g42e074c17a (webtiles) character file.

Game seed: 3641550181203512217

109 IdlyInterested the Ducker (level 4, -3/33 HPs)
             Began as a Demonspawn Gladiator on Mar 30, 2023.
             Slain by a gnoll
             ... wielding a +0 spear
              (6 damage)
             ... on level 3 of the Dungeon.
             The game lasted 00:07:59 (1766 turns).

IdlyInterested the Ducker (Demonspawn Gladiator)    Turns: 1766, Time: 00:08:00

Health: -3/33      AC:  5    Str: 15    XL:     4   Next: 60%
Magic:  4/4        EV: 13    Int:  9    God:
Gold:   203        SH:  0    Dex: 16    Spells: 3/3 levels left

rFire   x . .      SeeInvis +    a - +0 long sword
rCold   + . .      Faith    .    (no shield)
rNeg    . . .      Spirit   .    b - +0 leather armour
rPois   .          Reflect  .    (helmet restricted)
rElec   .          Rampage  .    (no cloak)
rCorr   .                        (no gloves)
Will    +....                    (no boots)
Stlth   ++                       (no amulet)
HPRegen 0.25/turn                (no ring)
MPRegen 0.09/turn                (no ring)

@: no status effects
A: horns 1, yellow scales 1, see invisible, cold resistance 1, strong-willed 1,
heat vulnerability 1
a: no special abilities


You were on level 3 of the Dungeon.
You visited 1 branch of the dungeon, and saw 3 of its levels.

You collected 203 gold pieces.

Inventory:

Hand Weapons
 a - a +0 long sword (weapon)
 f - a +0 falchion
 g - a +2 vampiric short sword
Missiles
 d - 3 throwing nets
 e - a javelin
 k - 21 stones (quivered)
Armour
 b - a +0 leather armour (worn)
Scrolls
 l - a scroll of fog {unknown}
 n - a scroll of enchant armour {unknown}
 o - a scroll of blinking {unknown}
 q - a scroll of fear {unknown}
Potions
 h - a potion of degeneration {unknown}
 i - a potion of ambrosia {unknown}
 j - 3 potions of mutation
 m - a potion of lignification {unknown}
 p - a potion of flight {unknown}


   Skills:
 - Level 2.0 Fighting
 + Level 3.6 Long Blades
 - Level 1.7 Throwing
 - Level 1.0 Armour
 * Level 3.7 Dodging
 - Level 1.0 Stealth
 - Level 1.0 Evocations


You had 3 spell levels left.
You didn't know any spells.
Your spell library contained the following spells:

 Spells                   Type           Power      Damage    Failure   Level
 Yara's Violent Unravell  Hex/Tmut       0%         3d3       100%        5
 Enfeeble                 Hex            0%         N/A       100%        7


Dungeon Overview and Level Annotations

Branches:
Dungeon (3/15)

Altars:


Innate Abilities, Weirdness & Mutations

You have a pair of small horns on your head.
You are partially covered in yellow scales. (AC +2)
You have supernaturally acute eyesight. (SInv)
Your flesh is cold resistant. (rC+)
You are strong-willed. (Will+)
You are vulnerable to heat. (rF-)


Message History

You slash the orc!
You kill the orc!
Okay, then.
The gnoll hits you with a +0 heavy spear!
* * * LOW HITPOINT WARNING * * *
You see here a +0 flail.
You hit the gnoll but do no damage. The gnoll hits you but does no damage.
A frilled lizard comes into view.
You feel better.
The gnoll hits you with a +0 heavy spear.
The frilled lizard hisses angrily.
You slash the gnoll! Your headbutt misses the gnoll.
The gnoll is severely wounded.
You hit the gnoll.
You kill the gnoll!
Things that are here:
a +0 heavy spear; a gnoll corpse A gnoll comes into view.
It is wielding a +0 spear.
Found 12 gold pieces.
The frilled lizard closely misses you.
The gnoll shouts!
You slash the frilled lizard!
You kill the frilled lizard!
A dart slug comes into view.
A gnoll comes into view. It is wielding a +0 spear.
The gnoll hits you from afar with a +0 spear.
The dart slug moves out of view.
The gnoll hits you with a +0 spear!
* * * LOW HITPOINT WARNING * * *
The gnoll shouts!
You hit the gnoll.
The gnoll is moderately wounded.
You hear a shout!
The gnoll hits you with a +0 spear.
* * * LOW HITPOINT WARNING * * *
You feel better. The gnoll hits you with a +0 spear!
* * * LOW HITPOINT WARNING * * *
You slash the gnoll! You headbutt the gnoll.
You kill the gnoll!
The gnoll hits you from afar with a +0 spear.
You die...

....#.##...
....#.#..............# ..).....##
#.........# .........#
#.........#
.......#.###.........# .......#
............#
.#.#...##.......g....#
.#.#.......#....)....##
...#.#.#........@.....#
.#.#.#....##.........##
...#.##...##.$.....†.#
..........##...#.#..##
...#.............##)##
.#...............##)?##
.......##........###..#########
........#........# ##)........###
.................####...??.......


You could see a gnoll.

Vanquished Creatures
  4 adders
  2 gnolls (D:3)
  3 dart slugs
  3 worms (D:2)
  An orc (D:3)
  3 bats
  3 endoplasms
  3 giant cockroaches
  3 goblins
  3 hobgoblins
  5 quokkas
  6 ball pythons
  A frilled lizard (D:3)
  6 kobolds
  4 rats
50 creatures vanquished.

Notes
Turn   | Place    | Note
-------+----------+-------------------------------------------
     0 | D:1      | IdlyInterested the Demonspawn Gladiator began the quest for
                  | the Orb.
     0 | D:1      | Reached XP level 1. HP: 16/16 MP: 1/1
   124 | D:1      | Reached skill level 1 in Evocations
   162 | D:1      | Gained mutation: You have a pair of small horns on your
                  | head. [demonic ancestry]
   162 | D:1      | Reached XP level 2. HP: 22/22 MP: 2/2
   167 | D:1      | Found a faded altar of an unknown god.
   245 | D:1      | Reached skill level 1 in Stealth
   799 | D:2      | Gained mutation: You are strong-willed. (Will+) [potion of
                  | mutation]
   799 | D:2      | Gained mutation: You have supernaturally acute eyesight.
                  | (SInv) [potion of mutation]
   799 | D:2      | Gained mutation: You are vulnerable to heat. (rF-) [potion
                  | of mutation]
   799 | D:2      | Gained mutation: Your flesh is cold resistant. (rC+)
                  | [potion of mutation]
   955 | D:2      | Reached skill level 1 in Armour
   973 | D:2      | Reached XP level 3. HP: 24/27 MP: 3/3
  1606 | D:3      | Gained mutation: You are partially covered in yellow
                  | scales. (AC +2) [demonic ancestry]
  1606 | D:3      | Reached XP level 4. HP: 10/33 MP: 4/4
  1609 | D:3      | HP: 1/33 [hobgoblin (3)]
  1764 | D:3      | HP: 1/33 [gnoll/+0 spear (6)]
  1766 | D:3      | Slain by a gnoll

Illustrated notes

Levels and vault maps discovered:
D:1:      dpeg_arrival_erosion, layout_basic,
          hellmonk_ecumenical_altar_arch_garden
D:2:      layout_basic
D:3:      layout_rooms, ebering_ghost_disaster_area, minivault_11,
          feat_on_display

Skill      XL: |  1  2  3 |
---------------+----------+-----
Evocations     | 1 |  1.0
Long Blades    | 3 |  3.6
Stealth        | 1 |  1.0
Armour         | 1 |  1.0
Dodging        | 3 |  3.7
Fighting       | |  2.0
Throwing       | |  1.7

Action                     |  1- 3 |  4- 6 || total
---------------------------+-------+-------++-------
  Melee: Long sword        |    89 |    30 ||   119
         Headbutt          |     9 |     4 ||    13
         Punch             |     1 |       ||     1
    Use: Potion            |     2 |     3 ||     5
         Scroll            |     1 |       ||     1
   Stab: Sleeping          |     4 |       ||     4
 Armour: Leather armour    |    29 |     8 ||    37
  Dodge: Dodged            |    76 |    27 ||   103

Table legend: (Time is in decaauts)
 A = Elapsed time spent in this place.
 B = Non-inter-level travel time spent in this place.
 C = Inter-level travel time spent in this place.
 D = Time resting spent in this place.
 E = Time spent auto-exploring this place.
 F = Levels seen in this place.
 G = Mean time per level.
                   A        B        C        D        E       F      G
               +--------+--------+--------+--------+--------+-----+--------+
         Total |   1794 |   1598 |    196 |    219 |    881 |   3 |  598.0 |
       Dungeon |   1794 |   1598 |    196 |    219 |    881 |   3 |  598.0 |
               +--------+--------+--------+--------+--------+-----+--------+

Top non-repeatable levels by time:
     D:2: 890 daAuts
     D:1: 771 daAuts
     D:3: 131 daAuts
